 Dungeon Crawl Stone Soup version 0.17.0-28-g6e173f8 (console) character file.

170 Kloppie the Insei (level 5, -11/27 HPs)
             Began as a Vine Stalker Monk on Nov 29, 2015.
             Mangled by an ice beast (13 damage)
             ... on level 4 of the Dungeon.
             The game lasted 00:06:46 (2317 turns).

Kloppie the Insei (Vine Stalker Monk)               Turns: 2317, Time: 00:06:46

Health: -11/27     AC:  4    Str: 13    XL:     5   Next: 51%
Magic:  0/6        EV: 13    Int: 10    God:
Gold:   88         SH:  0    Dex: 18    Spells: 0 memorised, 4 levels left

rFire  . . .     SeeInvis .       - Unarmed
rCold  . . .     Clarity  .     t - +2 animal skin
rNeg   . . .     SustAt   .     (no shield)
rPois  .         Gourm    .     (no helmet)
rElec  .         Spirit   +     (no cloak)
rCorr  .         Warding  .     (no gloves)
rMut   .         Stasis   .     (no boots)
MR     .....                    (no amulet)
Stlth  ++........               (no ring)
                                (no ring)

@: not resistant to hostile enchantments, unstealthy
A: fangs 2, regeneration 1, magic shield, antimagic bite, no device heal 3, rot
immunity
a: no special abilities


You were on level 4 of the Dungeon.
You were not hungry.

You visited 1 branch of the dungeon, and saw 4 of its levels.

You collected 88 gold pieces.

Inventory:

Armour
 f - a cursed -1 scale mail
 q - a +0 plate armour
 t - a +2 animal skin (worn)
Jewellery
 p - a cursed -3 ring of dexterity {unknown}
Scrolls
 d - 4 scrolls of remove curse {unknown}
 e - 3 scrolls of teleportation {unknown}
 g - a scroll of fear {unknown}
 k - 3 scrolls of identify {unknown}
 m - a scroll of recharging {unknown}
 o - a scroll of enchant armour {unknown}
 r - a scroll of random uselessness {unknown}
Potions
 i - a potion of degeneration {unknown}
 l - a potion of haste {unknown}
 n - a potion of lignification {unknown}
Comestibles
 b - 3 bread rations
 c - a royal jelly
 h - 3 meat rations
 j - 2 fruits
 s - a chunk of flesh


   Skills:
 - Level 2.6 Fighting
 - Level 2.4 Dodging
 - Level 2.4 Stealth
 + Level 6.6 Unarmed Combat


You had 4 spell levels left.
You didn't know any spells.

Dungeon Overview and Level Annotations

Branches:
Dungeon (4/15)             Temple (0/1) D:4

Altars:
Trog
Vehumet
Yredelemnul


Innate Abilities, Weirdness & Mutations

You have extremely sharp teeth.
Your natural rate of healing is unusually fast.
When hurt, damage is shared between your health and your magic reserves.
Your bite disrupts and absorbs the magic of your enemies.
Potions and wands cannot restore your health.
You are immune to rotting.


Message History

The ice beast is heavily wounded.
The ice beast hits you.
* * * LOW HITPOINT WARNING * * *
The ice beast freezes you.
* * * LOW HITPOINT WARNING * * *
You are too injured to fight recklessly!
You barely miss the ice beast.
The ice beast is heavily wounded.
The ice beast hits you.
* * * LOW HITPOINT WARNING * * *
The ice beast freezes you!
* * * LOW HITPOINT WARNING * * *
You feel sick.
You see here an adder corpse.
You feel sick.
You are no longer poisoned.
The ice beast hits you.
* * * LOW HITPOINT WARNING * * *
The ice beast freezes you!
You die...

#............##.†÷
#......########...
#......# ##....
#......######.....
#.............♣.♣.
#.#####.##.#...>.. #.#
#.#.....♣.♣.
#.#####.#..##.....
#@#..........####.
#Y#.#..†........##
#.#..........##.#
#########.###........+
#
#.......†............#
####.#......#........+
#.#...............#
#.#................
#.#......####


You could see an ice beast.

Vanquished Creatures
  A worker ant (D:4)
  5 adders
  2 oozes (D:2)
  2 worms
  8 giant geckos
  2 orcs (D:3)
  2 giant cockroaches
  11 hobgoblins
  A quokka (D:4)
  3 ball pythons (D:2)
  4 bats (D:1)
  A giant gecko skeleton (D:4)
  2 giant newts
  14 goblins
  10 kobolds
  3 rats
71 creatures vanquished.

Notes
Turn   | Place    | Note
--------------------------------------------------------------
     0 | D:1      | Kloppie the Vine Stalker Monk began the quest for the Orb.
     0 | D:1      | Reached XP level 1. HP: 11/11 MP: 2/2
    62 | D:1      | Reached XP level 2. HP: 13/16 MP: 3/3
   505 | D:1      | Reached XP level 3. HP: 19/19 MP: 4/4
   706 | D:1      | Reached skill level 5 in Unarmed Combat
  1008 | D:2      | Found a radiant altar of Vehumet.
  1027 | D:2      | Found a basalt altar of Yredelemnul.
  1120 | D:2      | Reached XP level 4. HP: 20/23 MP: 5/5
  1595 | D:3      | Reached skill level 6 in Unarmed Combat
  1838 | D:3      | Reached XP level 5. HP: 23/27 MP: 6/6
  2076 | D:4      | Found a staircase to the Ecumenical Temple.
  2077 | D:4      | Found a bloodstained altar of Trog.
  2302 | D:4      | Noticed an ice beast
  2317 | D:4      | Mangled by an ice beast

Action                   |  1- 3 |  4- 6 || total
-------------------------+-------+-------++-------
Melee: Unarmed           |   121 |   107 ||   228
 Stab: Sleeping          |     5 |     7 ||    12
  Eat: Chunk             |     1 |     4 ||     5
